Map: 16 бит РВ

Players

Murena

  • Race: Terran Terran
  • Spawn Location: 7:00

ИИ 1 (эксперт) - Winner!

  • Race: Protoss Protoss
  • Spawn Location: 1:00

VOD

Have the link to the VOD?

Description

Time

  • Played on: March 26, 2019, 5:32 a.m.
  • Length: 5:14
Show
View Real Time Build Order
Export as new Build Order

Murena Terran 

Build Orders: Hellion Opening 

Get SALT Encoding   

  12  0:00  SCV  
  13  0:14  Refinery  
  13  0:17  SCV  
  14  0:27  Supply Depot  
  14  0:30  SCV  
  15  0:49  Barracks  
  15  0:51  SCV  
  16  1:04  SCV  
  17  1:14  Supply Depot  
  17  1:16  SCV  
  18  1:29  SCV  
  19  1:38  Factory, Barracks Reactor  
  19  1:41  SCV  
  20  1:53  Orbital Command  
  20  2:13  Factory  
  20  2:14  Marine x2  
  22  2:19  SCV  
  23  2:26  Supply Depot  
  23  2:28  Factory Reactor  
  23  2:32  SCV  
  23  2:34  Marine  
  23  2:35  Marine  
  23  2:36  Bunker  
  26  2:46  SCV, Refinery  
  27  2:56  Factory Reactor  
  27  3:02  SCV  
  27  3:05  Hellion x2  
  32  3:06  Marine x2  
  34  3:14  Supply Depot  
  34  3:20  SCV  
  37  3:27  Hellion x2  
  39  3:36  Hellion x2  
  39  3:38  Marine  
  44  3:42  Marine  
  45  3:49  Hellion  
  47  3:57  Supply Depot  
Show
View Real Time Build Order
Export as new Build Order

ИИ 1 (эксперт) Protoss - Winner!

Build Orders:  

Get SALT Encoding   

  12  0:00  Probe  
  13  0:13  Probe  
  14  0:20  Pylon  
  14  0:25  Probe  
  15  0:34  Probe  
  15  0:40  Gateway  
  15  0:42  Probe  
  16  0:49  Assimilator  
  17  0:52  Probe  
  18  1:00  Pylon, Probe  
  19  1:08  Probe  
  20  1:18  Probe  
  21  1:29  Zealot  
  21  1:30  Probe, Cybernetics Core  
  24  1:42  Probe  
  25  1:51  Zealot  
  25  1:57  Gateway  
  25  2:00  Probe  
  25  2:01  Pylon  
  28  2:18  Warp Gate  
  28  2:26  Nexus  
  28  2:32  Probe  
  29  2:38  Assimilator  
  30  2:44  Probe  
  30  2:45  Adept  
  32  2:51  Adept  
  32  2:56  Probe  
  35  3:03  Pylon  
  35  3:08  Probe  
  36  3:15  Adept  
  36  3:18  Sentry  
  38  3:23  Probe  
  41  3:35  Probe  
  41  3:38  Probe  
  43  3:41  Robotics Facility  
  43  3:45  Stalker  
  43  3:47  Probe  
  46  3:50  Probe  
  46  3:51  Adept  
  49  3:59  Probe  
  49  4:02  Probe  
  51  4:08  Probe  
  51  4:14  Pylon, Probe  
  51  4:16  Probe  
  53  4:23  Adept  
  56  4:25  Probe  
  56  4:26  Probe  
  56  4:29  Immortal  
  62  4:32  Stalker  
  62  4:36  Pylon  
  62  4:37  Probe  
  66  4:38  Probe  
  66  4:43  Stalker  
  68  4:50  Probe x2  
  66  4:54  Robotics Facility  
  66  4:56  Adept  
  66  4:58  Adept  
Tags
 
Add a new tag
Caveats
  • Supply blocks, unpowered buildings, or Contaminate may cause inaccurate times.
  • Supply counts are checked every 10 seconds.